 Dungeon Crawl Stone Soup version 0.30.0-5-g1a98f26d00 (webtiles) character file.

Game seed: 18147572536850754128

137 backslashecho the Slasher (level 5, -3/42 HPs)
             Began as a Merfolk Monk on May 9, 2023.
             Killed by divine providence
             ... invoked by an orc priest
              (12 damage)
             ... on level 3 of the Dungeon.
             The game lasted 00:02:31 (1956 turns).

backslashecho the Slasher (Merfolk Monk)            Turns: 1956, Time: 00:02:32

Health: -3/42      AC:  7    Str: 12    XL:     5   Next: 20%
Magic:  5/5        EV: 13    Int:  9    God:
Gold:   115        SH:  0    Dex: 18    Spells: 4/4 levels left

rFire   + . .        a - +1 falchion
rCold   . . .        d - orb {light}
rNeg    . . .        k - +2 ring mail {rF+}
rPois   .            (no helmet)
rElec   .            (no cloak)
rCorr   .            (no gloves)
SInv    .            (no boots)
Will    .....        (no amulet)
Stlth   +            (no ring)
HPRegen 0.27/turn    (no ring)
MPRegen 0.09/turn

%: no passive effects
@: glowing
A: (nimble swimmer 2), mertail
a: no special abilities


You were on level 3 of the Dungeon.
You visited 1 branch of the dungeon, and saw 3 of its levels.

You collected 115 gold pieces.

Inventory:

Hand Weapons
 a - a +1 falchion (weapon)
Armour
 d - an orb of light (worn)
 k - a +2 ring mail of fire resistance (worn)
Scrolls
 f - 2 scrolls of identify
 g - a scroll of teleportation
Potions
 b - a potion of flight
 c - a potion of ambrosia
 h - a potion of attraction


   Skills:
 + Level 4.1 Fighting
 * Level 5.4 Long Blades
 + Level 5.0 Dodging
 - Level 1.0 Unarmed Combat


You had 4 spell levels left.
You didn't know any spells.
Your spell library was empty.

Dungeon Overview and Level Annotations

Branches:
Dungeon (3/15)

Altars:


Innate Abilities, Weirdness & Mutations

((You are very nimble when in or above water. (Stealth+, EV+, Speed+++)))
Your lower body shifts to a powerful aquatic tail in water.


Message History

f - 2 scrolls of identify (gained 1)
Things that are here:
a +0 club; a +0 leather armour; a +0 hand axe
There is a stone staircase leading down here.
You start resting.
HP restored.
You regained 7 hp, and now have 29/42 hp.
You start resting.
HP restored.
Health restored: 42 You climb downwards.
There is a stone staircase leading up here.
The orc priest calls down the wrath of Beogh upon you.
Beogh smites you!
You take 13 damage, and have 29/42 hp.
MASSIVE DAMAGE!!
The orc priest barely misses you.
You hit the orc priest.
The orc priest is lightly wounded.
The orc priest closely misses you.
You barely miss the orc priest.
The orc priest is lightly wounded.
The orc priest looks braver for a moment.
You hit the orc priest but do no damage.
The orc priest is lightly wounded.
An orc comes into view. It is wielding a +0 club.
The orc priest hits you with a +0 war axe.
You take 5 damage, and have 24/42 hp.
The orc shouts!
You hit the orc priest but do no damage.
The orc priest is lightly wounded.
You hear a shout!
The orc priest hits you with a +0 war axe.
You take 5 damage, and have 19/42 hp.
You hit the orc priest but do no damage.
The orc priest is lightly wounded.
The orc priest barely misses you.
You hit the orc priest but do no damage.
The orc priest is lightly wounded.
The orc priest closely misses you.
You hit the orc priest.
The orc priest is heavily wounded.
The orc priest mumbles some strange prayers to Beogh against you.
Beogh smites you!
* * * LOW HITPOINT WARNING * * *
You take 11 damage, and have 9/42 hp.
MASSIVE DAMAGE!!
The orc priest attacks as you move away!
The orc priest misses you.
The orc priest calls down the wrath of Beogh upon you.
Beogh smites you!
You die...

###.. ####...#
. #...... .#
#.#...# ...
#.#.#.# o.
#.#..(###.#
#...o††)..#
#..o.†)#......
#@###......#.#
#.# ####.#.#
#.# ...# #.#
..o. #.# .#.#
#.# #... #.#
.> #.#


You could see an orc priest and an orc.

Vanquished Creatures
  An orc priest (D:2)
  3 adders
  4 dart slugs
  3 orcs (D:2)
  6 endoplasms
  4 giant cockroaches
  7 goblins
  7 hobgoblins
  7 jackals (D:1)
  2 quokkas
  5 ball pythons
  2 bats
  4 frilled lizards
  6 kobolds
  4 rats
65 creatures vanquished.

Notes
Turn   | Place    | Note
-------+----------+-------------------------------------------
     0 | D:1      | backslashecho the Merfolk Monk began the quest for the Orb.
     0 | D:1      | Reached XP level 1. HP: 18/18 MP: 1/1
   191 | D:1      | Reached skill level 1 in Unarmed Combat
   191 | D:1      | Reached XP level 2. HP: 23/24 MP: 2/2
   449 | D:1      | Reached XP level 3. HP: 28/29 MP: 3/3
  1434 | D:2      | Reached XP level 4. HP: 31/37 MP: 4/4
  1770 | D:3      | Reached skill level 5 in Long Blades
  1868 | D:2      | Reached skill level 5 in Dodging
  1868 | D:2      | Reached XP level 5. HP: 21/42 MP: 5/5
  1956 | D:3      | Killed from afar by an orc priest

Illustrated notes

Levels and vault maps discovered:
D:1:      heliophobic_arrival_henge, layout_loops_ring, serial_rivers,
          chequers_serial_rivers_micro_d, chequers_serial_rivers_micro_b,
          chequers_serial_rivers_room_b, chequers_serial_rivers_small_b,
          supply_closet_lemuel
D:2:      layout_loops_cross
D:3:      layout_loops_ring, mainiacjoe_overflow_concentric_impassable,
          hellmonk_ecumenical_altar_watching_god, minmay_fractal_squares_5

Skill      XL: |  1  2  3  4 |
---------------+-------------+-----
Unarmed Combat | 1 |  1.0
Long Blades    | 4 5 |  5.4
Fighting       | 4 |  4.1
Dodging        | 5 |  5.0

Action                     |  1- 3 |  4- 6 || total
---------------------------+-------+-------++-------
  Melee: Falchion          |   117 |    63 ||   180
    Use: Scroll            |       |     6 ||     6
 Armour: Robe              |    17 |     1 ||    18
         Ring mail         |       |    17 ||    17
  Dodge: Dodged            |    92 |    42 ||   134
